 Dungeon Crawl Stone Soup version 0.28.0 (webtiles) character file.

Game seed: 14425471366772087312

62 SnakkuSnakku7 the Grave Robber (level 4, -7/30 HPs)
             Began as a Barachi Necromancer on Feb 14, 2022.
             Mangled by a worm (8 damage)
             ... on level 2 of the Dungeon.
             The game lasted 00:04:22 (3066 turns).

SnakkuSnakku7 the Grave Robber (BaNe)               Turns: 3066, Time: 00:04:22

Health: -7/30      AC:  2    Str:  9    XL:     4   Next: 8%
Magic:  0/7        EV: 12    Int: 17    God:
Gold:   103        SH:  0    Dex: 13    Spells: 3/7 levels left

rFire   . . .      SeeInvis .   f - +4 dagger
rCold   . . .      Faith    .   (no shield)
rNeg    . . .      Spirit   .   a - +0 robe
rPois   .          Reflect  .   (no helmet)
rElec   .          Harm     .   (no cloak)
rCorr   .          Rampage  .   (no gloves)
Will    .....                   (no boots)
Stlth   ++........              (no amulet)
HPRegen 0.10/turn               (no ring)
MPRegen 0.10/turn               (no ring)

@: slow
A: amphibious, slowness 1, strong legs 1, +LOS
a: Hop


You were on level 2 of the Dungeon.
You visited 1 branch of the dungeon, and saw 2 of its levels.

You collected 103 gold pieces.

Inventory:

Hand Weapons
 f - a +4 dagger (weapon)
Armour
 a - a +0 robe (worn)
Magical Staves
 b - a staff of fire
Scrolls
 e - a scroll of vulnerability {unknown}
 g - a scroll of fog {unknown}
Potions
 c - a potion of berserk rage {unknown}
 d - a potion of might {unknown}
 h - a potion of curing {unknown}
 i - a potion of invisibility {unknown}


   Skills:
 - Level 2.1 Dodging
 - Level 1.7 Stealth
 - Level 2.1 Spellcasting
 + Level 5.0 Necromancy


You had 3 spell levels left.
You knew the following spells:

 Your Spells              Type           Power      Damage    Failure   Level
a - Pain                  Necr           76%        1d7       2%          1
b - Vampiric Draining     Necr           19%        2d7       7%          3

Your spell library contained the following spells:

 Spells                   Type           Power      Damage    Failure   Level
 Animate Skeleton         Necr           38%        N/A       2%          1
 Animate Dead             Necr           9%         N/A       24%         4
 Agony                    Necr           19%        N/A       54%         5


Dungeon Overview and Level Annotations

Branches:
Dungeon (2/15)

Altars:
Vehumet


Innate Abilities, Weirdness & Mutations

You are amphibious.
You cover ground slowly.
You can hop short distances.
You have an extended range of vision and can be seen from far away.


Message History

Press: ? - help, Shift-Dir - straight line, f/p - worm
Aim: a worm (heavily wounded, chance to affect: 84%)
The worm writhes in agony.
Casting: Pain (safe; 2% risk of failure)
Confirm with . or Enter, or press ? or * to list all spells.
Aiming: Pain (safe; 2% risk of failure)
Press: ? - help, Shift-Dir - straight line, f/p - worm
Aim: a worm (heavily wounded, chance to affect: 84%)
The worm writhes in agony.
Casting: Pain (safe; 2% risk of failure)
Confirm with . or Enter, or press ? or * to list all spells.
Aiming: Pain (safe; 2% risk of failure)
Press: ? - help, Shift-Dir - straight line, f/p - worm
Aim: a worm (moderately wounded, chance to affect: 84%)
The worm barely resists.
Casting: Pain (safe; 2% risk of failure)
Confirm with . or Enter, or press ? or * to list all spells.
Aiming: Pain (safe; 2% risk of failure)
Press: ? - help, Shift-Dir - straight line, f/p - worm
Aim: a worm (moderately wounded, chance to affect: 84%)
The worm writhes in agony.
Casting: Pain (safe; 2% risk of failure)
Confirm with . or Enter, or press ? or * to list all spells.
Aiming: Pain (safe; 2% risk of failure)
Press: ? - help, Shift-Dir - straight line, f/p - worm
Aim: a worm (heavily wounded, chance to affect: 84%)
The worm writhes in agony.
Casting: Pain (safe; 2% risk of failure)
Confirm with . or Enter, or press ? or * to list all spells.
Aiming: Pain (safe; 2% risk of failure)
Press: ? - help, Shift-Dir - straight line, f/p - worm
Aim: a worm (severely wounded, chance to affect: 84%)
The worm writhes in agony.
Casting: Pain (safe; 2% risk of failure)
Confirm with . or Enter, or press ? or * to list all spells.
Aiming: Pain (safe; 2% risk of failure)
Press: ? - help, Shift-Dir - straight line, f/p - worm
Aim: a worm (almost dead, chance to affect: 84%)
The worm writhes in agony.
The worm bites you!
You die...

.....# #.# ######
#.#### #....#
####.# #(.# #.##
#.# #.# #@# #w#
#.# #.# # #.# #.
#.# #.#######.#
###...(.....#
###.....##########


You could see a worm.

Vanquished Creatures
  2 worms (D:2)
  A dart slug (D:1)
  3 endoplasms
  A giant cockroach (D:1)
  5 goblins
  5 hobgoblins
  5 jackals (D:1)
  3 kobolds (D:1)
  3 quokkas (D:1)
  5 ball pythons
  4 bats
  5 frilled lizards
  9 rats
51 creatures vanquished.

Notes
Turn   | Place    | Note
-------+----------+-------------------------------------------
     0 | D:1      | SnakkuSnakku7 the Barachi Necromancer began the quest for
                  | the Orb.
     0 | D:1      | Reached XP level 1. HP: 13/13 MP: 3/3
   364 | D:1      | Reached skill level 4 in Necromancy
   364 | D:1      | Reached XP level 2. HP: 14/19 MP: 1/5
  1320 | D:1      | Reached XP level 3. HP: 12/24 MP: 1/6
  1340 | D:1      | Learned a level 3 spell: Vampiric Draining
  1694 | D:1      | Found a faded altar of an unknown god.
  2897 | D:2      | Reached skill level 5 in Necromancy
  2897 | D:2      | Reached XP level 4. HP: 23/30 MP: 7/7
  3034 | D:2      | Found a radiant altar of Vehumet.
  3066 | D:2      | Mangled by a worm

Illustrated notes

Levels and vault maps discovered:
D:1:      psy_arrival_dodecagon, layout_loops_corners,
          hellmonk_ecumenical_altar_arch_garden, ebering_dispersal_statue_hall,
          minmay_hedge_maze
D:2:      layout_loops_ring, basic_altar

Skill      XL: |  1  2  3 |
---------------+----------+-----
Necromancy     | 4 5 |  5.0
Dodging        | |  2.1
Stealth        | |  1.7
Spellcasting   | |  2.1

Action                   |  1- 3 |  4- 6 || total
-------------------------+-------+-------++-------
Melee: Unarmed           |     5 |       ||     5
       Staff             |    41 |       ||    41
       Dagger            |    71 |    13 ||    84
       Punch             |     4 |       ||     4
 Cast: Pain              |    38 |     8 ||    46
       Vampiric Draining |       |     1 ||     1
 Abil: Hop               |     1 |       ||     1
 Stab: Sleeping          |     4 |       ||     4
Armor: Robe              |    27 |       ||    27
Dodge: Dodged            |    97 |     5 ||   102
